 Dungeon Crawl Stone Soup version 0.32-a0-705-g60f233581c (webtiles) character file.

Game seed: 5234353021805101044

26 cforsyth the Chopper (level 2, 0/26 HPs)
             Began as a Mountain Dwarf Cinder Acolyte on Mar 14, 2024.
             Was a High Priest of Ignis.
             Slain by a hobgoblin (4 damage)
             ... on level 4 of the Dungeon.
             The game lasted 00:02:34 (1295 turns).

cforsyth the Chopper (MDCA)                         Turns: 1295, Time: 00:02:36

Health: 0/26       AC:  3    Str: 16    XL:     2   Next: 89%
Magic:  3/3        EV: 10    Int: 14    God:    Ignis [*****.]
Gold:   6          SH:  0    Dex:  5    Spells: 1/3 levels left

rFire   + . .        a - -1 hand axe (flame)
rCold   . . .        (no shield)
rNeg    . . .        b - +0 robe
rPois   .            (no helmet)
rElec   .            (no cloak)
rCorr   .            e - +0 pair of gloves
SInv    .            (no boots)
Will    .....        (no amulet)
Stlth   +            (no ring)
HPRegen 0.24/turn    (no ring)
MPRegen 0.08/turn

%: no passive effects
@: no status effects
A: runic magic, artefact enchanting
a: Renounce Religion, Fiery Armour, Foxfire Swarm, Rising Flame


You were on level 4 of the Dungeon.
You worshipped Ignis.
Ignis was extremely pleased with you.
You visited 1 branch of the dungeon, and saw 3 of its levels.

You collected 54 gold pieces.
You spent 48 gold pieces at shops.


Innate Abilities, Weirdness & Mutations

Your spellcasting is much less encumbered by armour.
You can use scrolls of enchantment on lesser artefacts.


   Skills:
 + Level 3.5 Fighting
 + Level 3.9 Axes
 + Level 1.1 Armour
 + Level 1.3 Spellcasting
 + Level 3.9 Fire Magic


You had one spell level left.
You knew the following spells:

 Your Spells              Type           Power      Damage    Failure   Level
X - Scorch                Fire           24%        2d6       8%          2

Your spell library contained the following spells:

 Spells                   Type           Power      Damage    Failure   Level
 Ensorcelled Hibernation  Hex/Ice        0%         N/A       36%         2
 Passwall                 Erth           0%         N/A       61%         3
 Swiftness                Air            0%         N/A       61%         3

Inventory:

Hand Weapons
 a - a -1 hand axe of flaming (weapon)
Armour
 b - a +0 robe (worn)
 e - a +0 pair of gloves (worn)
Scrolls
 g - a scroll of poison
Potions
 c - a potion of heal wounds {@q2}
 f - 2 potions of curing {@q1}

Dungeon Overview and Level Annotations

Branches:
Dungeon (2/15)

Altars:
Uskayaw
The Shining One

Shops:
D:1

=? #. ###. ##...
#######.....
##.......#..▒▒▒
.......#K#oo▒.▒▒+▒▒▒
≈≈≈≈≈≈.#.#.°▒°...?.▒
...$.≈..Z#og@......▒
≈≈§≈.≈.Kl..oZ+..§..+
...≈.°..°..°▒..b..5.
.⚑S≈.°./g...▒......▒
..!≈.≈°g..°.....+▒▒▒
≈≈≈≈.≈.###..▒▒▒▒Z▒
.....≈. .....


.bb ≈≈≈≈≈≈. ....b... .. ....... ....#.... You could see an iguana, a crimson
imp, 4 orcs, a hobgoblin zombie, 2 hobgoblins, a goblin, a kobold and a kobold
skeleton.


Message History

Found a scroll labelled COULOD AGG.
The crimson imp barely misses you. The hobgoblin misses you.
The hobgoblin zombie hits you.
A hobgoblin zombie comes into view.
An orc comes into view. It is wielding a +0 whip.
The hobgoblin attacks as it pursues you!
The hobgoblin hits you.
* * * LOW HITPOINT WARNING * * *
The hobgoblin zombie moves out of view.
Unknown command.
Found a glowing golden altar of the Shining One.
The orc shouts!
The orc attacks as it pursues you! The orc hits you with a +0 morningstar.
* * * LOW HITPOINT WARNING * * *
The crimson imp blinks!
The hobgoblin closely misses you. The kobold skeleton closely misses you.
You miss the crimson imp. You hit the kobold skeleton.
You burn the kobold skeleton. You hit the hobgoblin. You burn the hobgoblin.
You hit the orc but do no damage. The orc barely misses you.
The crimson imp blinks!
The hobgoblin hits you but does no damage.
The kobold skeleton closely misses you.
Unknown command.
Your butterfly disappears in a burst of colours!
The orc hits you with a +0 morningstar.
* * * LOW HITPOINT WARNING * * *
The crimson imp blinks!
The hobgoblin attacks as it pursues you!
The hobgoblin hits you.
You die...
Ignis goes out, and joins you in death.

Skill      XL: |  1  2 |
---------------+-------+-----
Armour         | 1 |  1.1
Fighting       | |  3.5
Axes           | |  3.9
Spellcasting   | |  1.3
Fire Magic     | |  3.9

Action                     || total
---------------------------++-------
  Melee: Hand axe          ||    64
   Cast: Scorch            ||     4
    Use: Scroll            ||     7
 Armour: Robe              ||    40
  Dodge: Dodged            ||    37

Levels and vault maps discovered:
D:1:      psy_arrival_dodecagon, layout_basic, serial_shops,
          nicolae_shop_tiny_statue_garden, shop, minmay_pentomino_q4
D:2:      layout_rooms
D:4:      layout_gridville, nicolae_tso_besieged_by_evil,
          mainiacjoe_overflow_concentric_impassable, gup_sewer_entry_bowl,
          uniq_grinder

Notes
Turn   | Place    | Note
-------+----------+-------------------------------------------
     0 | D:1      | cforsyth the Mountain Dwarf Cinder Acolyte began the quest
                  | for the Orb.
     0 | D:1      | Reached XP level 1. HP: 19/19 MP: 2/2
    54 | D:1      | Found Uxedoiga's Magic Scroll Shoppe.
   222 | D:1      | Found Puosch's Jewellery Emporium.
   345 | D:1      | Reached XP level 2. HP: 20/26 MP: 3/3
   571 | D:1      | Learned a level 2 spell: Scorch
  1072 | D:1      | Bought a scroll of identify for 24 gold pieces
  1072 | D:1      | Bought a scroll of identify for 24 gold pieces
  1088 | D:2      | Reached skill level 1 in Armour
  1271 | D:2      | You fall into a shaft and drop 2 floors!
  1275 | D:4      | Found a hide-covered altar of Uskayaw.
  1287 | D:4      | Noticed a crimson imp
  1293 | D:4      | Found a glowing golden altar of the Shining One.
  1295 | D:4      | Slain by a hobgoblin

Vanquished Creatures
  A dart slug (D:1)
  A bat (D:2)
  4 endoplasms
  2 giant cockroaches
  3 hobgoblins (D:1)
  A kobold (D:1)
  A quokka (D:1)
  A ball python (D:1)
  A frilled lizard (D:2)
  4 goblins (D:1)
  A goblin zombie (D:4)
  A hobgoblin zombie (D:4)
  A rat (D:1)
22 creatures vanquished.

Table legend: (Time is in decaauts)
 A = Elapsed time spent in this place.
 B = Non-inter-level travel time spent in this place.
 C = Inter-level travel time spent in this place.
 D = Time resting spent in this place.
 E = Time spent auto-exploring this place.
 F = Levels seen in this place.
 G = Mean time per level.
                   A        B        C        D        E       F      G
               +--------+--------+--------+--------+--------+-----+--------+
         Total |   1302 |   1293 |      9 |     21 |   1014 |   3 |  434.0 |
       Dungeon |   1302 |   1293 |      9 |     21 |   1014 |   3 |  434.0 |
               +--------+--------+--------+--------+--------+-----+--------+

Top non-repeatable levels by time:
     D:1: 1151 daAuts
     D:2: 126 daAuts
     D:4: 24 daAuts

Table legend:
 A = Non-vault XP
 B = Vault XP
 C = Vault XP percentage of total XP
 D = Non-vault monster count
 E = Vault monster count
 F = Vault count percentage of total count
                 A         B        C        D         E       F
            +---------+---------+-------+---------+---------+-------
      Total |      34 |       4 |  10.5 |      19 |       3 |  13.6
            +---------+---------+-------+---------+---------+-------
        D:1 |      25 |       2 |   7.4 |      14 |       1 |   6.7
        D:2 |       7 |       0 |   0.0 |       4 |       0 |   0.0
        D:4 |       2 |       2 |  50.0 |       1 |       2 |  66.7
            +---------+---------+-------+---------+---------+-------
